 Dungeon Crawl Stone Soup version 0.17-a0-155-g14e20c2 (webtiles) character file.

13232 xeno23 the Gusty (level 11, -1/91 HPs)
             Began as a Black Draconian Wizard on Mar 24, 2015.
             Was the Champion of Makhleb.
             Shot with a poisoned arrow by Nessos (18 damage)
             ... on level 3 of the Orcish Mines on Mar 25, 2015.
             The game lasted 02:35:02 (15453 turns).

xeno23 the Gusty (Black Draconian Wizard)          Turns: 15453, Time: 02:35:02

Health: -1/91      AC: 13    Str:  9    XL:     11   Next: 72%
Magic:  14/26      EV: 13    Int: 23    God:    Makhleb [******]
Gold:   1181       SH:  4    Dex:  9    Spells: 8 memorised, 2 levels left

rFire  + . .     SeeInvis .     v - +6 trident (vamp)
rCold  x . .     Clarity  .     (armour unavailable)
rNeg   . . .     SustAb   .     F - +0 buckler (curse)
rPois  +         Gourm    .     b - +1 hat
rElec  +         Spirit   .     O - +1 cloak {+Inv}
rCorr  .         Warding  .     a - +1 pair of gloves
rMut   .         Stasis   .     j - +0 pair of boots
MR     .....                    w - amulet of regeneration
Stlth  ++........               E - ring of poison resistance
                                K - ring of fire

@: drained, not resistant to hostile enchantments, unstealthy
A: breathe lightning, unfitting armour, electricity resistance, cold-blooded, AC
+7
a: Breathe Lightning, Minor Destruction, Lesser Servant of Makhleb, Major
Destruction, Greater Servant of Makhleb, Renounce Religion, Evoke Invisibility


You were on level 3 of the Orcish Mines.
You worshipped Makhleb.
Makhleb was exalted by your worship.
You were very hungry.

You visited 3 branches of the dungeon, and saw 15 of its levels.
You also visited: Sewer.

You collected 1268 gold pieces.
You spent 87 gold pieces at shops.

Inventory:

Hand weapons
 f - a +3 glaive
 v - a +6 vampiric trident (weapon)
Missiles
 e - 18 stones
 y - 4 tomahawks of returning (quivered)
 Q - a throwing net
Armour
 a - a +1 pair of gloves (worn)
 b - a +1 hat (worn)
 j - a +0 pair of boots (worn)
 F - a cursed +0 buckler (worn)
 O - a +1 cloak of invisibility (worn)
Jewellery
 o - an uncursed ring of see invisible
 w - an amulet of regeneration (around neck)
 E - a ring of poison resistance (right hand)
 K - a ring of fire (left hand)
 L - an uncursed ring of fire
Scrolls
 k - 7 scrolls of remove curse
 l - a scroll of blinking
 n - 2 scrolls of recharging
 A - 2 scrolls of amnesia
 S - a scroll of teleportation
 W - a scroll of fog
Potions
 g - a potion of restore abilities
 h - 5 potions of heal wounds {unknown}
 i - 2 potions of might
 m - a potion of agility
 q - 4 potions of curing
 s - 2 potions of lignification
 u - a potion of brilliance
 x - a potion of invisibility
 z - 3 potions of mutation {unknown}
 B - a potion of cancellation
 H - 2 potions of berserk rage {unknown}
 M - a potion of ambrosia
 R - a potion of magic
Books
 r - a book of Unlife

   Spells                             Type                      Level
   a - Recall                         Summoning/Translocation      3
   b - Animate Dead                   Necromancy                   4
   c - Control Undead                 Necromancy                   4
   d - Cigotuvi's Embrace             Necromancy                   5
   e - Death Channel                  Necromancy                   6
   f - Simulacrum                     Ice/Necromancy               6
 t - a book of Conjurations

   Spells                             Type                      Level
   a - Magic Dart                     Conjuration                  1
   b - Searing Ray                    Conjuration                  2
   c - Dazzling Spray                 Conjuration/Hexes            3
   d - Fulminant Prism                Conjuration/Hexes            4
   e - Iskenderun's Mystic Blast      Conjuration                  4
   f - Iskenderun's Battlesphere      Conjuration/Charms           5
Comestibles
 c - 4 chunks of flesh
 d - 10 bread rations
 p - 4 meat rations
 G - 3 fruits


   Skills:
 * Level 6.7(6.5) Fighting
 * Level 5.1(4.8) Polearms
 + Level 4.5(4.3) Dodging
 - Level 2.0(1.8) Stealth
 * Level 4.1(3.9) Shields
 * Level 7.1(6.9) Spellcasting
 * Level 7.0(6.8) Conjurations
 * Level 3.5(3.3) Charms
 - Level 5.0(4.8) Summonings
 - Level 4.6(4.4) Translocations
 * Level 6.7(6.4) Fire Magic
 * Level 7.2(6.9) Air Magic
 * Level 2.9(2.7) Invocations


You had 2 spell levels left.
You knew the following spells:

 Your Spells              Type           Power        Failure   Level  Hunger
a - Magic Dart            Conj           ####         1%          1    None
b - Blink                 Tloc           N/A          1%          2    None
c - Call Imp              Summ           ####....     1%          2    None
d - Conjure Flame         Conj/Fire      ######..     1%          3    None
e - Mephitic Cloud        Conj/Pois/Air  ####....     4%          3    None
f - Iskenderun's Battles  Conj/Chrm      ####....     30%         5    #####..
h - Repel Missiles        Chrm/Air       ####..       1%          2    None
n - Control Teleport      Chrm/Tloc      ####......   17%         4    ###....


Dungeon Overview and Level Annotations

Branches:
Dungeon (11/15)            Temple (1/1) D:6            Lair (0/8) D:8
    Orc (3/4) D:11
    Elf: Orc:3-4

Altars:
Ashenzari
Cheibriados
Dithmenos
Elyvilon
Fedhas
Gozag
Kikubaaqudgha
Makhleb
Nemelex Xobeh
Okawaru
Qazlal
Ru
Sif Muna
Trog
Vehumet
Xom
Yredelemnul
Zin
The Shining One
Beogh

Shops:
D:5 (   D:11 =

Annotations:
Orc:1 Gastronok
Orc:3 Nergalle, Nessos


Innate Abilities, Weirdness & Mutations

You can breathe wild blasts of lightning.
Your glossy black scales are hard (AC +7).
Your body does not fit into most forms of armour.
You are resistant to electric shocks.
You are cold-blooded and may be slowed by cold attacks.


Message History

Nessos shoots a poisoned arrow.
The poisoned arrow hits you!
* * * LOW HITPOINT WARNING * * *
You see here a poisoned arrow.
Drink which item? (? for menu, Esc to quit)
It was a potion of curing.
You feel better.
Nessos pounds the earth with his hooves.
Nessos zaps a wand.
The puff of flame hits you! You resist.
* * * LOW HITPOINT WARNING * * *
Nessos shoots a poisoned arrow.
The poisoned arrow closely misses you.
Your neqoxec gestures at Nessos.
Nessos resists with significant effort.
Drink which item? (? for menu, Esc to quit)
Okay, then.
Okay, then.
Casting: Magic Dart
Confirm with . or Enter, or press ? or * to list all spells.
Okay, then.
Drink which item? (? for menu, Esc to quit)
You feel better.
Nessos shoots a poisoned arrow.
The poisoned arrow hits you!!
You die...

#.............# #..
#...........## ##.
#.###....##.## ###
##....(......# ### ##..
#...........####.####...
##)(.......>..##...##.#..
##....<.......###...#.....
#.....(...(3....##..#.....
##.....><@[)..............
##.....[)(#c.#..).........
#......))##...##..####....
##..(..##.#.(##...# ###..
##..(.#......##).########.
#...........###..##.#≈####
#...........# #..).....# #
#....[.....## #........##
#..........# ##.÷≈≈≈≈..#


You could see Nessos and a friendly neqoxec.

Vanquished Creatures
  An unseen horror (D:11)
  An orc sorcerer (Orc:3)
  A cyclops (D:11)
  2 hill giants
  Maurice (D:8)
  A merfolk (D:9)
  3 trolls
  Prince Ribbit (D:4)
  A deep elf mage (D:10)
  A neqoxec (Orc:3)
  12 yaks
  Eustachio (D:4)
  2 mottled dragons (D:11)
  Edmund (D:8)
  A water moccasin (D:9)
  A soldier ant (shapeshifter) (D:11)
  4 sky beasts
  Purgy (Sewer)
  A necrophage (D:10)
  7 ice beasts
  A black bear (D:9)
  14 orc warriors
  An eye of draining (D:10)
  4 centaurs
  A phantom (D:7)
  9 ogres
  Duvessa (D:8)
  A crocodile (D:7)
  5 giant frogs
  A big kobold (D:8)
  A brain worm (D:11)
  A scorpion (D:5)
  3 jellies
  3 killer bees (D:7)
  2 wights
  3 giant frog zombies
  5 crimson imps
  2 centaur zombies
  3 hounds
  Dowan (D:8)
  A goliath beetle (D:6)
  A giant frog skeleton (D:11)
  12 orc priests
  2 centaur skeletons
  16 orc wizards
  Natasha (thrice) (D:4)
  4 iguanas
  9 worker ants
  An ogre zombie (Orc:3)
  A hound skeleton (D:6)
  A mummy (D:10)
  3 gnolls (D:5)
  4 river rats
  4 shadow imps
  5 giant mites
  9 adders
  2 white imps (D:4)
  2 worms (D:2)
  6 giant geckos
  104 orcs
  A ball python (D:4)
  19 bats
  A bat skeleton (D:5)
  8 giant cockroaches
  11 goblins
  19 hobgoblins
  10 jackals
  26 kobolds
  2 giant gecko zombies
  4 giant newts
  A kobold zombie (D:8)
  8 orc zombies (Orc:3)
  6 quokkas
  A quokka skeleton (D:4)
  14 rats
  A plant (D:8)
428 creatures vanquished.

Vanquished Creatures (collateral kills)
  A centaur (D:9)
  3 killer bees (D:7)
  A giant frog skeleton (D:4)
  A hound (D:5)
  An orc wizard (D:9)
  An adder (D:2)
  2 orcs
  A hobgoblin (D:5)
  A quokka (D:4)
12 creatures vanquished.

Vanquished Creatures (others)
  9 crimson imps
  3 white imps
  4 shadow imps
  An orc (Orc:3)
  2 fungi (D:8)
19 creatures vanquished.

Grand Total: 459 creatures vanquished

Notes
Turn   | Place    | Note
--------------------------------------------------------------
     0 | D:1      | xeno23, the Draconian Wizard, began the quest for the Orb.
     0 | D:1      | Reached XP level 1. HP: 14/14 MP: 4/4
   597 | D:1      | Reached XP level 2. HP: 14/20 MP: 0/6
   602 | D:1      | Learned a level 2 spell: Call Imp
  1402 | D:1      | Reached XP level 3. HP: 26/26 MP: 8/8
  1724 | D:2      | Learned a level 3 spell: Conjure Flame
  1727 | D:2      | Learned a level 2 spell: Blink
  2565 | D:3      | Found an opulent altar of Gozag.
  2601 | D:3      | Reached XP level 4. HP: 34/34 MP: 10/10
  2607 | D:3      | Found a shimmering altar of Xom.
  2622 | D:3      | Reached skill level 1 in Fighting
  2805 | D:3      | Found a glowing silver altar of Zin.
  3351 | D:4      | Noticed Eustachio
  3357 | D:4      | Noticed Prince Ribbit
  3377 | D:4      | Noticed an ogre
  3527 | D:4      | Reached XP level 5. HP: 38/41 MP: 8/12
  3545 | D:4      | Learned a level 2 spell: Repel Missiles
  3628 | D:4      | Reached skill level 1 in Fire Magic
  4193 | D:4      | Noticed Natasha
  4219 | D:4      | Killed Natasha
  4219 | D:4      | Reached skill level 4 in Spellcasting
  4364 | D:4      | Noticed Natasha
  4393 | D:4      | Killed Natasha
  4892 | D:4      | Noticed Natasha
  4971 | D:4      | Killed Natasha
  5164 | D:4      | Killed an ogre
  5164 | D:4      | Reached XP level 6. HP: 34/50 MP: 4/15
  5351 | D:4      | Killed Prince Ribbit
  5351 | D:4      | Your scales start taking on a glossy black colour.
  5351 | D:4      | Gained mutation: You are resistant to electric shocks. [draconian maturity]
  5351 | D:4      | Reached XP level 7. HP: 56/56 MP: 12/17
  5376 | D:5      | Entered Level 5 of the Dungeon
  6285 | D:4      | Killed Eustachio
  6294 | D:4      | Learned a level 3 spell: Mephitic Cloud
  6450 | D:5      | Found a shattered altar of Ashenzari.
  6946 | D:5      | Found Ilapp's Antique Weapon Emporium.
  6949 | D:5      | Bought a runed trident for 87 gold pieces
  6976 | D:6      | Found a staircase to the Ecumenical Temple.
  6989 | Temple   | Entered the Ecumenical Temple
  7240 | Temple   | Became a worshipper of Makhleb the Destroyer
  7268 | D:6      | Reached XP level 8. HP: 53/63 MP: 19/19
  7380 | D:6      | Reached skill level 1 in Air Magic
  7430 | D:6      | Found a glowing drain.
  7434 | Sewer    | Entered a sewer
  7514 | Sewer    | Noticed Purgy
  7527 | Sewer    | Killed Purgy
  7527 | Sewer    | Acquired Makhleb's first power
  7795 | D:6      | Noticed a hill giant
  7806 | D:6      | Killed a hill giant
  7806 | D:6      | Reached skill level 1 in Polearms
  7806 | D:6      | Reached skill level 5 in Spellcasting
  8259 | D:6      | Found a radiant altar of Vehumet.
  8551 | D:6      | Reached XP level 9. HP: 70/72 MP: 18/21
  9006 | D:7      | Acquired Makhleb's second power
  9331 | D:7      | Found a deep blue altar of Sif Muna.
  9573 | D:7      | Reached skill level 1 in Shields
  9611 | D:7      | Reached skill level 5 in Fighting
  9736 | D:7      | Reached skill level 5 in Conjurations
  9752 | D:7      | Reached skill level 5 in Summonings
 10321 | D:8      | Noticed Maurice
 10386 | D:8      | Noticed Dowan
 10390 | D:8      | Noticed Duvessa
 10395 | D:8      | Killed Dowan
 10402 | D:8      | Found a staircase to the Lair.
 10407 | D:8      | Killed Duvessa
 10423 | D:8      | Reached skill level 6 in Spellcasting
 10431 | D:8      | Acquired Makhleb's third power
 10469 | D:8      | Reached XP level 10. HP: 81/81 MP: 24/24
 10924 | D:8      | Noticed Edmund
 10947 | D:8      | Killed Edmund
 10972 | D:8      | Identified the Disquisition on Quantum Augmentations
 11075 | D:8      | Killed Maurice
 11075 | D:8      | Reached skill level 5 in Fire Magic
 11075 | D:8      | Reached skill level 5 in Air Magic
 11075 | D:8      | Reached skill level 1 in Invocations
 11219 | D:8      | Learned a level 4 spell: Control Teleport
 11311 | D:9      | Acquired Makhleb's fourth power
 11674 | D:9      | Found a blossoming altar of Fedhas.
 11675 | D:9      | Found a stormy altar of Qazlal.
 11693 | D:9      | Reached skill level 1 in Charms
 11941 | D:10     | Entered Level 10 of the Dungeon
 12158 | D:10     | Noticed a hill giant
 12171 | D:10     | Killed a hill giant
 12347 | D:10     | Acquired Makhleb's fifth power
 12460 | D:10     | Reached XP level 11. HP: 47/89 MP: 23/25
 12928 | D:11     | Found a staircase to the Orcish Mines.
 13027 | D:11     | Found a roughly hewn altar of Beogh.
 13061 | D:11     | Found Buogopuec's Jewellery Emporium.
 13599 | D:11     | Noticed an unseen horror
 13608 | D:11     | Killed an unseen horror
 13906 | D:11     | Upgraded the game from 0.17-a0-131-ga9cda9c to 0.17-a0-155-g14e20c2
 13968 | D:11     | Learned a level 5 spell: Iskenderun's Battlesphere
 13977 | Orc:1    | Entered Level 1 of the Orcish Mines
 14199 | Orc:1    | Reached skill level 7 in Spellcasting
 14237 | Orc:1    | Noticed Gastronok
 14820 | Orc:3    | Reached skill level 5 in Polearms
 15311 | Orc:3    | Noticed Nessos
 15312 | Orc:3    | Noticed Nergalle
 15451 | Orc:3    | HP: 2/91 [Nessos/poisoned arrow (13)]
 15453 | Orc:3    | Shot with a poisoned arrow by Nessos

Action                   |  1- 3 |  4- 6 |  7- 9 | 10-12 || total
-------------------------+-------+-------+-------+-------++-------
Melee: Unarmed           |    27 |       |       |       ||    27
       Short sword       |    92 |   129 |    93 |       ||   314
       Trident           |       |       |   428 |   892 ||  1320
Throw: Stone             |       |     5 |       |     1 ||     6
 Cast: Magic Dart        |    47 |    42 |    33 |    65 ||   187
       Call Imp          |     2 |    10 |    14 |     8 ||    34
       Blink             |       |     7 |     1 |     6 ||    14
       Conjure Flame     |       |     5 |    12 |    25 ||    42
       Repel Missiles    |       |     1 |     4 |     2 ||     7
       Mephitic Cloud    |       |       |     5 |    24 ||    29
       Control Teleport  |       |       |       |     2 ||     2
       Iskenderun's Batt |       |       |       |     1 ||     1
Invok: Minor Destruction |       |       |     2 |     3 ||     5
       Lesser Servant of |       |       |       |     3 ||     3
 Abil: Breathe Lightning |       |       |     4 |     6 ||    10
Evoke: Wand              |       |       |     1 |       ||     1
  Use: Scroll            |       |       |    17 |     8 ||    25
       Potion            |       |       |       |     2 ||     2
 Stab: Sleeping          |     3 |     1 |     5 |       ||     9
       Confused          |       |       |     4 |     2 ||     6
  Eat: Chunk             |     4 |    11 |    14 |    25 ||    54
       Meat ration       |       |       |     1 |       ||     1
       Fruit             |       |       |     1 |       ||     1
       Beef jerky        |       |       |     1 |       ||     1
